 Dungeon Crawl Stone Soup version 0.25.1-8-g42b30a86e7 (webtiles) character file.

Game seed: 14836150784308069732

263 hawla the Conjurer (level 5, -6/38 HPs)
             Began as a Draconian Conjurer on Dec 18, 2020.
             Killed by divine providence
             ... invoked by an orc priest
              (12 damage)
             ... on level 3 of the Dungeon.
             The game lasted 00:10:54 (4123 turns).

hawla the Conjurer (Draconian Conjurer)             Turns: 4123, Time: 00:10:55

Health: -6/38      AC:  5    Str: 10    XL:     5   Next: 98%
Magic:  0/10       EV: 12    Int: 17    God:
Gold:   135        SH:  0    Dex: 11    Spells: 4/11 levels left

rFire    + . .     SeeInvis .   l - +0 whip
rCold    + . .     Gourm    .   (no shield)
rNeg     . . .     Faith    .   (armour unavailable)
rPois    +         Spirit   .   (helmet restricted)
rElec    +         Reflect  .   (no cloak)
rCorr    +         Harm     .   (no gloves)
MR       .....                  (no boots)
Stlth    +.........             (no amulet)
HPRegen  0.12/turn              c - ring of attention
MPRegen  0.12/turn              (no ring)

@: resistant
A: unfitting armour, cold-blooded, AC +5
a: no special abilities


You were on level 3 of the Dungeon.
You were not hungry.

You visited 1 branch of the dungeon, and saw 3 of its levels.

You collected 135 gold pieces.

Inventory:

Hand Weapons
 l - a +0 whip (weapon)
Jewellery
 c - a ring of attention (left hand)
 d - an uncursed ring of protection from cold
Scrolls
 e - 3 scrolls of remove curse
 f - 3 scrolls of teleportation
 i - a scroll of blinking {unknown}
Potions
 a - a potion of might
Comestibles
 b - 8 rations
 g - 3 chunks of flesh


   Skills:
 - Level 1.7 Dodging
 - Level 1.7 Stealth
 + Level 3.5 Spellcasting
 + Level 5.9 Conjurations
 * Level 2.2 Translocations


You had 4 spell levels left.
You knew the following spells:

 Your Spells              Type           Power        Failure   Level  Hunger
a - Magic Dart            Conj           ###.         1%          1    None
b - Searing Ray           Conj           ###...       2%          2    ##.....
c - Iskenderun's Mystic   Conj/Tloc      ###.....     30%         4    ####...

Your spell library contained the following spells:

 Spells                   Type           Power        Failure   Level  Hunger
 Dazzling Flash           Conj/Hex       ##....       14%         3    ###....
 Corona                   Hex            #......      17%         1    None
 Ensorcelled Hibernation  Hex/Ice        #.....       26%         2    ##.....
 Fulminant Prism          Conj/Hex       ##........   43%         4    ####...
 Confusing Touch          Hex            #.......     45%         3    ###....
 Tukima's Dance           Hex            #.......     45%         3    ###....


Dungeon Overview and Level Annotations

Branches:
Dungeon (3/15)

Altars:
Cheibriados


Innate Abilities, Weirdness & Mutations

Your plain brown scales are hard. (AC +5)
You cannot fit into any form of body armour.
You are cold-blooded and may be slowed by cold attacks.


Message History

Aiming: Magic Dart (safe; 1% risk of failure)
Press: ? - help, Shift-Dir - straight line, f - orc priest
Aim: an orc priest, wielding a +0 long sword and wearing a +0 leather armour The magic dart hits the orc priest.
The orc priest is lightly wounded.
Casting: Magic Dart (safe; 1% risk of failure)
Confirm with . or Enter, or press ? or * to list all spells.
Aiming: Magic Dart (safe; 1% risk of failure)
Press: ? - help, Shift-Dir - straight line, f/p - orc priest
Aim: an orc priest, wielding a +0 long sword and wearing a +0 leather armour (lightly wounded)
The magic dart hits the orc priest.
The orc priest is moderately wounded.
You feel less wooden.
The orc priest mumbles some strange prayers to Beogh against you.
Pain shoots through your body!
* * * LOW HITPOINT WARNING * * *
Okay, then.
The orc priest invokes the aid of Beogh against you.
Beogh smites you!
You die...

#..)..................
#.....................
###.......)...........
#......)(...........
#..(.)†o............
#.)....†............
#......)............
##......[............
#..<@................
..........................
........#...........#....#
...###..####.######.#....#
.. #... ..# #.#....# #
#..# .# #.#....# ...# .#
#.#....# ##.## #.......
###....#


You could see an orc priest.

Vanquished Creatures
  A howler monkey (D:3)
  An orc priest (D:3)
  Jessica (D:3)
  5 adders (D:2)
  An ooze (D:2)
  3 worms
  7 dart slugs
  6 leopard geckos
  4 orcs (D:3)
  6 bats
  2 giant cockroaches (D:2)
  10 goblins
  9 hobgoblins
  10 jackals
  6 kobolds
  2 ball pythons
  7 frilled lizards
  6 rats
87 creatures vanquished.

Notes
Turn   | Place    | Note
-------+----------+-------------------------------------------
     0 | D:1      | hawla the Draconian Conjurer began the quest for the Orb.
     0 | D:1      | Reached XP level 1. HP: 14/14 MP: 3/3
   151 | D:1      | Reached XP level 2. HP: 10/20 MP: 0/5
   176 | D:1      | Learned a level 2 spell: Searing Ray
  1061 | D:1      | Reached XP level 3. HP: 26/26 MP: 4/6
  1702 | D:2      | Reached skill level 5 in Conjurations
  1861 | D:2      | Reached XP level 4. HP: 33/33 MP: 2/8
  1950 | D:2      | Found a snail-covered altar of Cheibriados.
  2951 | D:2      | Learned a level 4 spell: Iskenderun's Mystic Blast
  3210 | D:3      | Reached XP level 5. HP: 38/38 MP: 7/9
  3242 | D:3      | Noticed Jessica
  3661 | D:3      | Reached skill level 1 in Translocations
  3895 | D:3      | Killed Jessica
  4123 | D:3      | Killed from afar by an orc priest

Illustrated notes

Levels and vault maps discovered:
D:1:      ebering_hopf_link, layout_basic
D:2:      layout_loops_cross, first_ration, kennysheep_slug_shrine
D:3:      layout_basic, minmay_misc_feat_hallway, hangedman_feature_mirror,
          uniq_jessica

Skill      XL: |  1  2  3  4  5 |
---------------+----------------+-----
Conjurations   | 5 |  5.9
Spellcasting   | 3 |  3.5
Translocations | 2 |  2.2
Dodging        | |  1.7
Stealth        | |  1.7

Action                   |  1- 3 |  4- 6 || total
-------------------------+-------+-------++-------
Melee: Unarmed           |    35 |    46 ||    81
       Tailslap          |       |     4 ||     4
       Whip              |       |    10 ||    10
 Cast: Magic Dart        |    63 |    59 ||   122
       Searing Ray       |     7 |    23 ||    30
  Use: Scroll            |     4 |     3 ||     7
       Potion            |       |     5 ||     5
  Eat: Chunk             |     4 |     8 ||    12
Armor: Skin              |    17 |    70 ||    87
Dodge: Dodged            |    36 |    89 ||   125
